 Dungeon Crawl Stone Soup version 0.15.2 (webtiles) character file.

91 Ruokin the Chopper (level 4, -2/38 (41) HPs)
             Began as a Hill Orc Berserker on Sept 21, 2014.
             Was an Initiate of the Shining One.
             Slain by a black bear (5 damage)
             ... summoned by the rage of Trog
             ... on Level 2 of the Dungeon on May 10, 2015.
             The game lasted 00:18:44 (1869 turns).

Ruokin the Chopper (Hill Orc Berserker)             Turns: 1869, Time: 00:18:44

HP  -2/38 (41)   AC  6     Str 24      XL: 4   Next: 59%
MP   4/4         EV 11     Int  7      God: the Shining One [......]
Gold 60          SH  0     Dex 10      Spells:  0 memorised,  3 levels left

rFire  . . .     SeeInvis .     a - +0 hand axe
rCold  . . .     Clarity  .     e - +1 leather armour
rNeg   . . .     rCorr    .     (no shield)
rPois  .         rRot     .     (no helmet)
rElec  .         Spirit   .     j - +1 cloak
SustAb .         Warding  .     (no gloves)
rMut   .         Stasis   .     (no boots)
Gourm  .                        h - amulet of faith
MR     .....                    (no ring)
                                o - +4 ring of strength

@: not resistant to hostile enchantments, very unstealthy
A: spit poison 1
a: Spit Poison, Renounce Religion


You were on level 2 of the Dungeon.
You worshipped the Shining One.
The Shining One was noncommittal.
You were not hungry.

You visited 1 branch of the dungeon, and saw 2 of its levels.

You collected 60 gold pieces.

Inventory:

Hand weapons
 a - a +0 hand axe (weapon)
 f - a +0 dagger
 i - a +0 mace
 l - a +0 hand axe
Armour
 b - a +0 animal skin
 e - a +1 leather armour (worn)
 j - a +1 cloak (worn)
Comestibles
 c - a meat ration
 d - 2 fruits
Scrolls
 k - a scroll of magic mapping {unknown}
 m - a scroll of enchant armour
 p - a scroll of identify
Jewellery
 h - an amulet of faith (around neck)
 o - a +4 ring of strength (left hand)
Potions
 g - a potion of confusion {unknown}
 n - a potion of degeneration {unknown}
 q - a potion of brilliance {unknown}
 s - a potion of invisibility {unknown}


   Skills:
 + Level 4.4 Fighting
 + Level 5.0 Axes
 + Level 2.7 Armour
 + Level 2.4 Dodging
 + Level 0.1 Stealth


You had 3 spell levels left.
You didn't know any spells.

Dungeon Overview and Level Annotations

Branches:
Dungeon (2/15)

Altars:
Okawaru
The Shining One


Innate Abilities, Weirdness & Mutations

You can spit poison.


Message History

Trog sends monsters to punish you.
You hit the black bear.
The black bear is lightly wounded.
You hit the black bear but do no damage.
The black bear is lightly wounded.
The black bear bites you!
* * * LOW HITPOINT WARNING * * *
The black bear claws you.
* * * LOW HITPOINT WARNING * * *
The black bear closely misses you.
The black bear bites you but does no damage.
The black bear closely misses you. The black bear claws you.
* * * LOW HITPOINT WARNING * * *
Unknown command.
Unknown command.
You slash the black bear!
The black bear is moderately wounded.
The black bear bites you but does no damage.
The black bear closely misses you. The black bear claws you.
You die...

#...############ ########
#.....hh@hh....# #.......
#...#.#######..###.#####.
. #.........##. .. #.
#..###.##.##. #. #. #..#
#.#...#. .###. #. #..#
#.#...#. ......##. #..#
#.......
........#.#######.##
#####.##
#.......#.........# #.#


You could see a polar bear (berserk) and 3 black bears.

Vanquished Creatures
  2 adders
  3 gnolls (D:2)
  2 worms (D:2)
  3 giant geckos (D:2)
  5 giant cockroaches
  4 hobgoblins
  2 ball pythons
  4 bats
  2 giant newts (D:1)
  4 goblins
  3 kobolds
  2 rats (D:1)
36 creatures vanquished.

Notes
Turn   | Place    | Note
--------------------------------------------------------------
     0 | D:1      | Ruokin, the Hill Orc Berserker, began the quest for the Orb.
     0 | D:1      | Reached XP level 1. HP: 19/19 MP: 1/1
   108 | D:1      | Upgraded the game from 0.15.1-1-gfacfea3 to 0.15.2
   305 | D:1      | Reached XP level 2. HP: 13/27 MP: 2/2
   313 | D:1      | Found an iron altar of Okawaru.
   923 | D:1      | Reached XP level 3. HP: 24/33 MP: 3/3
  1272 | D:2      | Found a glowing golden altar of the Shining One.
  1278 | D:2      | Fell from the grace of Trog
  1278 | D:2      | Became a worshipper of the Shining One
  1372 | D:2      | Gained mutation: You are robust (+10% HP). [potion of mutation]
  1372 | D:2      | Lost mutation: You are robust (+10% HP). [potion of mutation]
  1372 | D:2      | Gained mutation: You can spit poison. [potion of mutation]
  1760 | D:2      | Reached XP level 4. HP: 35/37 MP: 4/4
  1778 | D:2      | Reached skill level 5 in Axes
  1867 | D:2      | Noticed a polar bear
  1867 | D:2      | Noticed a black bear
  1867 | D:2      | Noticed a black bear
  1867 | D:2      | Noticed a black bear
  1869 | D:2      | Slain by a black bear

Action                   |  1- 3 |  4- 6 || total
-------------------------+-------+-------++-------
Melee: Hand axe          |   138 |    16 ||   154
Invok: Berserk           |     1 |       ||     1
  Use: Scroll            |     3 |       ||     3
       Potion            |     1 |       ||     1
  Eat: Meat ration       |     1 |       ||     1
